 Dungeon Crawl Stone Soup version 0.30-a0-540-g0af01429fa (webtiles) character file.

Game seed: 18044662600733592499

2940 greasedhog the Fighter (level 10, -1/82 HPs)
             Began as a Formicid Fighter on Dec 25, 2022.
             Was a Follower of Okawaru.
             Slain by an orc warrior
             ... wielding a +0 glaive
              (16 damage)
             ... on level 7 of the Dungeon.
             The game lasted 00:09:01 (6418 turns).

greasedhog the Fighter (Formicid Fighter)           Turns: 6418, Time: 00:09:02

Health: -1/82      AC: 10    Str: 26    XL:     10   Next: 7%
Magic:  9/11       EV: 11    Int:  7    God:    Okawaru [*.....]
Gold:   250        SH: 22    Dex: 13    Spells: 9/9 levels left

rFire   . . .      SeeInvis +    x - +5 halberd
rCold   . . .      Faith    .    y - +0 tower shield
rNeg    . . .      Spirit   .    b - +0 scale mail
rPois   .          Reflect  +    (helmet unavailable)
rElec   .          Harm     .    (no cloak)
rCorr   .          Rampage  .    f - +0 pair of gloves
Will    ++...                    (no boots)
Stlth   +                        t - amulet of reflection
HPRegen 0.33/turn                n - ring of willpower
MPRegen 0.12/turn                (no ring)

@: heroic
A: permanent stasis, dig shafts and tunnels, antennae 3, four strong arms
a: Dig, Shaft Self, Renounce Religion, Heroism


You were on level 7 of the Dungeon.
You worshipped Okawaru.
Okawaru was aware of your devotion.
You visited 2 branches of the dungeon, and saw 8 of its levels.

You collected 336 gold pieces.
You spent 86 gold pieces at shops.

Inventory:

Hand Weapons
 x - a +5 halberd (weapon)
Missiles
 p - a throwing net
Armour
 b - a +0 scale mail (worn)
 f - a +0 pair of gloves (worn)
 y - a +0 tower shield (worn)
Jewellery
 n - a ring of willpower (left hand)
 q - the amulet of Elemental Vulnerability {rPois rF-- rC-- AC+8}
   (You found it on level 4 of the Dungeon)

   [amulet of nothing]

   AC:        It affects your AC (+8).
   rF:        It makes you very vulnerable to fire.
   rC:        It makes you very vulnerable to cold.
   rPois:     It protects you from poison.
 t - an amulet of reflection (around neck)
Wands
 c - a wand of polymorph (4)
Scrolls
 a - a scroll of brand weapon {unknown}
 g - a scroll of magic mapping {unknown}
 h - a scroll of fear
 m - 2 scrolls of poison
 u - a scroll of silence {unknown}
 w - a scroll of immolation {unknown}
Potions
 d - a potion of magic {unknown}
 e - a potion of degeneration {unknown}
 i - 6 potions of curing
 k - 2 potions of brilliance
 l - 2 potions of flight {unknown}
 o - a potion of haste {unknown}
 r - 2 potions of mutation {unknown}
 s - a potion of attraction {unknown}


   Skills:
 * Level 8.7(13.7) Fighting
 * Level 7.7(12.7) Polearms
 - Level 6.6(11.6) Armour
 * Level 1.9(6.9) Dodging
 + Level 8.0(13.0) Shields
 * Level 2.1 Invocations


You had 9 spell levels left.
You didn't know any spells.
Your spell library contained the following spells:

 Spells                   Type           Power      Damage    Failure   Level
 Apportation              Tloc           0%         N/A       96%         1
 Kiss of Death            Conj/Necr      0%         2d5       96%         1
 Magic Dart               Conj           0%         1d3       96%         1
 Necrotise                Necr           0%         1d4       96%         1
 Shock                    Conj/Air       0%         1d3       96%         1
 Confusing Touch          Hex            0%         N/A       100%        3
 Gell's Gravitas          Tloc           0%         N/A       100%        3
 Ignite Poison            Fire/Tmut/Pois 0%         N/A       100%        3
 Inner Flame              Hex/Fire       0%         N/A       100%        3
 Lesser Beckoning         Tloc           0%         N/A       100%        3
 Mephitic Cloud           Conj/Pois/Air  0%         N/A       100%        3
 Teleport Other           Tloc           0%         N/A       100%        3
 Airstrike                Air            0%         2d(0-16)  100%        4
 Cause Fear               Hex            0%         N/A       100%        4
 Dispel Undead            Necr           0%         3d6       100%        4
 Manifold Assault         Tloc           0%         N/A       100%        4
 Sticky Flame             Conj/Fire      0%         2d3       100%        4
 Storm Form               Tmut/Air       0%         N/A       100%        7
 Discord                  Hex            0%         N/A       100%        8
 Ignition                 Fire           0%         3d3       100%        8
 Summon Small Mammal      Summ           Unusable   N/A       N/A         1
 Blink                    Tloc           Unusable   N/A       N/A         2
 Call Imp                 Summ           Unusable   N/A       N/A         2
 Swiftness                Air            Unusable   N/A       N/A         3

Dungeon Overview and Level Annotations

Branches:
Dungeon (7/15)             Temple (1/1) D:6

Altars:
Ashenzari
Cheibriados
Elyvilon
Fedhas
Gozag
Kikubaaqudgha
Makhleb
Okawaru
Qazlal
Ru
Sif Muna
Trog
Uskayaw
Vehumet
Wu Jian
Xom
Yredelemnul
Zin
The Shining One

Shops:
D:4 *   D:5 *


Innate Abilities, Weirdness & Mutations

You cannot be hasted, slowed, berserked, paralysed or teleported.
You can dig through walls and to a lower floor.
You have a pair of large antennae on your head. (SInv)
Your four strong arms can wield two-handed weapons with a shield.


Message History

Reach: x) +5 halberd
Press: ? - help, Dir - move target, f/p - orc warrior
Aim: an orc warrior, wielding a +0 glaive and wearing a +0 plate armour (about 30% to evade your +5 halberd)
The orc is in the way.
You slash the orc!
You kill the orc!
Okawaru accepts your kill. You block the orc warrior's attack.
Reach: x) +5 halberd
Press: ? - help, Dir - move target, f/p - orc warrior
Aim: an orc warrior, wielding a +0 glaive and wearing a +0 plate armour (about 30% to evade your +5 halberd)
You reach to attack!
You barely miss the orc warrior. You block the orc warrior's attack.
Reach: x) +5 halberd
Press: ? - help, Dir - move target, f/p - orc warrior
Aim: an orc warrior, wielding a +0 glaive and wearing a +0 plate armour (about 30% to evade your +5 halberd)
The orc priest is in the way.
You hit the orc priest.
The orc priest is heavily wounded.
The orc priest barely misses you.
The orc warrior hits you from afar with a +0 glaive!
* * * LOW HITPOINT WARNING * * *
Reach: x) +5 halberd
Press: ? - help, Dir - move target, f/p - orc warrior
Aim: an orc warrior, wielding a +0 glaive and wearing a +0 plate armour (about 30% to evade your +5 halberd)
The orc priest is in the way.
You impale the orc priest!!
You kill the orc priest!
Okawaru accepts your kill. You block the orc warrior's attack.
Reach: x) +5 halberd
Press: ? - help, Dir - move target, f/p - orc warrior
Aim: an orc warrior, wielding a +0 glaive and wearing a +0 plate armour (about 30% to evade your +5 halberd)
You reach to attack!
You puncture the orc warrior!
The orc warrior is moderately wounded.
You block the orc warrior's attack. x2
Reach: x) +5 halberd
Press: ? - help, Dir - move target, f/p - orc warrior
Aim: an orc warrior, wielding a +0 glaive and wearing a +0 plate armour (moderately wounded, about 30% to evade your +5 halberd)
You reach to attack!
You barely miss the orc warrior.
The orc warrior is moderately wounded.
The orc warrior hits you from afar with a +0 glaive!
You die...

#.# #.# # #.### .#.###
#.#.#### .>....##### #..#...#
........(.#####.###..#####
......)†o......## ##).....
......###)###.## ##))..# .....
#@# ##.## ##..##.# ###. .##.#
##.###)..##.. # #.##.#
#(.#....#### ......#
###.###.#### ### #...### #.#
#..... ..## #...# #.########
... #...# #####.......## #
#.###...#####........##...
..#.#...<.......#.###.##.##...


You could see an orc warrior.

Vanquished Creatures
  Joseph (D:7)
  A troll (D:6)
  Sigmund (D:4)
  Menkaure (D:4)
  2 water moccasins
  4 black bears
  A centaur (D:6)
  A phantom (D:5)
  A kobold brigand (D:6)
  A bullfrog (D:7)
  5 scorpions
  A necrophage (D:6)
  4 wights (D:6)
  2 hounds
  3 orc priests
  3 iguanas
  3 jellies
  Jessica (D:2)
  4 orc wizards
  5 gnolls
  6 adders
  5 shadow imps
  6 white imps
  2 ufetubi
  A dart slug (D:1)
  15 orcs
  10 ball pythons
  3 bats (D:1)
  5 endoplasms
  6 giant cockroaches
  3 goblins
  A hobgoblin (D:1)
  4 quokkas
  2 frilled lizards (D:2)
  16 kobolds
  6 rats
136 creatures vanquished.

Vanquished Creatures (others)
  2 demonic plants (D:4)
2 creatures vanquished.

Grand Total: 138 creatures vanquished

Notes
Turn   | Place    | Note
-------+----------+-------------------------------------------
     0 | D:1      | greasedhog the Formicid Fighter began the quest for the
                  | Orb.
     0 | D:1      | Reached XP level 1. HP: 18/18 MP: 1/1
    94 | D:1      | Reached XP level 2. HP: 24/24 MP: 2/2
   268 | D:1      | Reached XP level 3. HP: 28/30 MP: 3/3
  1217 | D:2      | Noticed Jessica
  1230 | D:2      | Killed Jessica
  1231 | D:2      | Reached XP level 4. HP: 37/37 MP: 4/4
  1278 | D:2      | Reached skill level 5 in Shields
  1927 | D:3      | Noticed a water moccasin
  2026 | D:3      | Reached XP level 5. HP: 43/43 MP: 5/5
  2105 | D:3      | Found an ancient bone altar of Kikubaaqudgha.
  2229 | D:3      | You fall into a shaft and drop 1 floor!
  2379 | D:4      | Noticed Sigmund
  2411 | D:4      | Killed Sigmund
  2412 | D:4      | Reached skill level 5 in Fighting
  2412 | D:4      | Reached XP level 6. HP: 34/51 MP: 6/6
  2484 | D:4      | Found Dekots's General Store.
  2489 | D:4      | Bought a potion of curing for 30 gold pieces
  2489 | D:4      | Bought a scroll of teleportation for 30 gold pieces
  2510 | D:4      | Reached XP level 7. HP: 15/56 MP: 7/7
  2673 | D:4      | Noticed a water moccasin
  2680 | D:4      | Killed a water moccasin
  2794 | D:4      | Noticed Menkaure
  2800 | D:4      | Killed Menkaure
  2974 | D:4      | Found a glowing golden altar of the Shining One.
  3043 | D:4      | Found a burning altar of Makhleb.
  3213 | D:4      | Reached skill level 5 in Polearms
  3213 | D:4      | Reached XP level 8. HP: 51/64 MP: 8/8
  3630 | D:4      | Found the amulet of Elemental Vulnerability {rPois rF--
                  | rC-- AC+8}
  3748 | D:5      | Entered Level 5 of the Dungeon
  3748 | D:5      | Found Tejamno's Assorted Antiques.
  3753 | D:5      | Bought a fizzy ruby potion for 26 gold pieces
  4258 | D:5      | Reached skill level 5 in Armour
  4320 | D:5      | Noticed a water elemental
  4323 | D:5      | Found a stormy altar of Qazlal.
  4324 | D:5      | Noticed an air elemental
  4325 | D:5      | Noticed a fire elemental
  4686 | D:6      | Reached XP level 9. HP: 53/70 MP: 9/9
  4856 | D:6      | Found a snail-covered altar of Cheibriados.
  4982 | D:6      | Found a staircase to the Ecumenical Temple.
  5017 | Temple   | Entered the Ecumenical Temple
  5119 | Temple   | Became a worshipper of Warmaster Okawaru
  5257 | D:6      | Noticed a troll
  5268 | D:6      | Killed a troll
  5421 | D:6      | Found the +18 Lear's hauberk
  5735 | D:6      | Reached * piety under Okawaru
  6049 | D:6      | Reached skill level 1 in Dodging
  6076 | D:7      | Noticed Joseph
  6080 | D:7      | Killed Joseph
  6081 | D:7      | Reached skill level 1 in Invocations
  6081 | D:7      | Reached XP level 10. HP: 44/82 MP: 9/11
  6418 | D:7      | Slain by an orc warrior

Illustrated notes

Levels and vault maps discovered:
D:1:      psy_arrival_statuary, layout_loops_ring, serial_forest,
          infiniplex_forest_lined_3, infiniplex_forest_end_2,
          infiniplex_forest_lined_3_way, infiniplex_forest_lined_corner,
          infiniplex_forest_clump_small
D:2:      layout_loops_corners, nicolae_elevator_lobby_plus, uniq_jessica
D:3:      layout_basic, mainiacjoe_overflow_alcove_2
D:4:      layout_gridville, mainiacjoe_overflow_catch_the_wave, serial_shops,
          kennysheep_little_box, serial_demonic, serial_demonic_e,
          serial_demonic_f, serial_demonic_f, serial_demonic_g, uniq_menkaure,
          uniq_sigmund
D:5:      layout_basic, nicolae_qazlal_style_of_elements, serial_shops,
          nicolae_shop_temple_entry_statues_fountains
D:6:      layout_basic, lemuel_crystal_altar, minmay_temple_entry_glass,
          gup_sewer_entry_glass, hellmonk_guarded_unrand_lears
D:7:      layout_loops_cross, enter_bailey_8, uniq_crazy_yiuf_cottage,
          uniq_joseph
Temple:   eino_temple_rhombus

Skill      XL: |  1  2  3  4  5  6  7  8  9 10 |
---------------+-------------------------------+-----
Fighting       | 4 5 6 7 8 |  8.7
Polearms       | 3 4 5 6 7 |  7.7
Shields        | 5 6 7 8 |  8.0
Armour         | 5 6 |  6.6
Dodging        | 1 |  1.9
Invocations    | 1 2 |  2.1

Action                   |  1- 3 |  4- 6 |  7- 9 | 10-12 || total
-------------------------+-------+-------+-------+-------++-------
Melee: Trident           |    79 |    70 |       |       ||   149
       Halberd           |       |    13 |   262 |    29 ||   304
Invok: Heroism           |       |       |       |     1 ||     1
  Use: Scroll            |     3 |     4 |     1 |       ||     8
       Potion            |       |     1 |     1 |       ||     2
Armor: Scale mail        |    25 |    17 |    92 |     9 ||   143
Dodge: Dodged            |    19 |    32 |    70 |     6 ||   127
Block: Buckler           |    11 |    10 |    72 |       ||    93
       Reflection        |       |       |     8 |     2 ||    10
       Tower shield      |       |       |    78 |    38 ||   116

Table legend: (Time is in decaauts)
 A = Elapsed time spent in this place.
 B = Non-inter-level travel time spent in this place.
 C = Inter-level travel time spent in this place.
 D = Time resting spent in this place.
 E = Time spent auto-exploring this place.
 F = Levels seen in this place.
 G = Mean time per level.
                   A        B        C        D        E       F      G
               +--------+--------+--------+--------+--------+-----+--------+
         Total |   6535 |   6300 |    235 |    645 |   4434 |   8 |  816.9 |
       Dungeon |   6416 |   6216 |    200 |    645 |   4362 |   7 |  916.6 |
        Temple |    118 |     83 |     35 |      0 |     72 |   1 |  118.0 |
               +--------+--------+--------+--------+--------+-----+--------+

Top non-repeatable levels by time:
     D:4: 1546 daAuts
     D:6: 1370 daAuts
     D:2: 899 daAuts
     D:5: 891 daAuts
     D:1: 826 daAuts
     D:3: 530 daAuts
     D:7: 351 daAuts
  Temple: 118 daAuts
